 Dungeon Crawl Stone Soup version 0.27.1-1-g398f81649c (webtiles) character file.

Game seed: 12020018243889953925

1216 ABBCCCDDDD the Fighter (level 8, -2/93 HPs)
             Began as an Octopode Warper on Sept 9, 2021.
             Slain by a centaur zombie (4 damage)
             ... on level 6 of the Dungeon.
             The game lasted 00:18:08 (8844 turns).

ABBCCCDDDD the Fighter (Octopode Warper)            Turns: 8844, Time: 00:18:09

Health: -2/93      AC:  1    Str: 10    XL:     8   Next: 46%
Magic:  12/12      EV: 13    Int: 18    God:
Gold:   97         SH:  0    Dex: 11    Spells: 11/13 levels left

rFire    + . .     SeeInvis .   a - +0 short sword
rCold    . . .     Faith    .   (no shield)
rNeg     . . .     Spirit   .   (helmet restricted)
rPois    .         Reflect  .   (no amulet)
rElec    .         Harm     .   p - ring of flight
rCorr    .         Rampage  .   r - ring of protection from fire
Will     .....                  (no ring)
Stlth    ..........             (no ring)
HPRegen  0.25/turn              (no ring)
MPRegen  0.13/turn              (no ring)
                                (no ring)
                                (no ring)

@: berserking (expiring), lethally poisoned (-2 -> -22), flying, very quick
A: almost no armour, amphibious, 8 rings, camouflage 1, gelatinous body 1,
(nimble swimmer 1), tentacles
a: no special abilities


You were on level 6 of the Dungeon.
You visited 1 branch of the dungeon, and saw 6 of its levels.

You collected 363 gold pieces.
You spent 266 gold pieces at shops.

Inventory:

Hand Weapons
 a - a +0 short sword (weapon)
 e - a +0 dagger
 q - a +1 spear of flaming
Missiles
 d - a curare-tipped dart (quivered)
 m - 3 boomerangs
Armour
 s - a +1 buckler
Jewellery
 p - a ring of flight (left tentacle)
 r - a ring of protection from fire (right tentacle)
Wands
 g - a wand of polymorph (13)
Scrolls
 b - a scroll of blinking
 f - a scroll of immolation
 h - a scroll of acquirement
 j - a scroll of amnesia
 k - a scroll of torment
Potions
 c - a potion of haste {unknown}
 i - a potion of mutation {unknown}
 l - 2 potions of curing
 o - a potion of berserk rage
 u - 2 potions of might {unknown}


   Skills:
 - Level 8.6 Fighting
 - Level 3.0 Short Blades
 - Level 1.0 Throwing
 - Level 3.5 Dodging
 + Level 3.6 Stealth
 + Level 3.1 Spellcasting
 - Level 3.0 Translocations


You had 11 spell levels left.
You knew the following spells:

 Your Spells              Type           Power      Damage    Failure   Level
a - Blink                 Tloc           N/A        N/A       7%          2

Your spell library contained the following spells:

 Spells                   Type           Power      Damage    Failure   Level
 Gell's Gravitas          Tloc           6%         N/A       14%         3
 Lesser Beckoning         Tloc           6%         N/A       14%         3
 Teleport Other           Tloc           13%        N/A       14%         3
 Manifold Assault         Tloc           13%        N/A       78%         5
 Storm Form               Tmut/Air       1%         N/A       100%        7


Dungeon Overview and Level Annotations

Branches:
Dungeon (6/15)
 Temple: D:4-7

Altars:
Qazlal
Zin

Shops:
D:5 ![:[[

Annotations:
D:3 1 runed translucent door, Crazy Yiuf; Ijyb; Robin
D:4 3 runed translucent doors, exclusion: scorpion, Britaniac's ghost, amateur OpWn; Edmund; Garym's ghost, amateur MiFi; Kanakotka's ghost, amateur OpMo; Sassenached's ghost, amateur HuWn; loralnil's ghost, amateur DrTm
D:5 exclusion: downstairs, Dowan; Duvessa
D:6 Maggie


Innate Abilities, Weirdness & Mutations

You cannot wear most types of armour.
You are amphibious.
You can wear up to eight rings at the same time.
Your skin changes colour to match your surroundings (Stealth+).
Your rubbery body absorbs attacks. (AC +1, EV +1)
((You are camouflaged near water. (Stealth+)))
You have tentacles for arms and can constrict up to eight enemies at once.


Message History

The hound misses you. The hound bites you.
Okay, then.
Okay, then.
Okay, then.
A red film seems to cover your vision as you go berserk!
You feel yourself moving faster!
You feel mighty! The hound bites you. The hound bites you but does no damage.
A centaur zombie comes into view.
You miss the hound. Your grab misses the hound. The hound bites you.
You puncture the hound! You grab the hound.
You squeeze the hound, but do no damage.
The hound is heavily wounded.
You constrict the hound. The hound barely misses you.
The orc warrior closely misses you.
You puncture the hound!
You kill the hound!
Training target 3.5 for Dodging reached!
You completely miss the water moccasin. You grab the water moccasin.
Your squeeze misses the water moccasin. You constrict the water moccasin.
The orc warrior hits you from afar with a +0 trident!!
The water moccasin bites you.
You are poisoned.
The water moccasin poisons you!
You puncture the water moccasin! You squeeze the water moccasin!
The water moccasin is severely wounded.
You constrict the water moccasin, but do no damage.
You feel sick. The water moccasin bites you.
You are more poisoned.
The water moccasin poisons you!
The orc warrior hits you from afar with a +0 trident!!
* * * LOW HITPOINT WARNING * * *
You release your grip on the water moccasin.
* * * LOW HITPOINT WARNING * * *
You feel very sick.
You feel a strong urge to attack something.
* * * LOW HITPOINT WARNING * * *
You feel very sick. The centaur zombie hits you.
You die...

. .. .... . .... #.#...
#.. ....... ##..... #..
.........#..... ...
.......># ....# ...
........###...# ##
............##....#..##
.............###@.....#
..............S.Z...#..#
............o#...####
......>......#####
#.............##
#...........o..#
##.............##
...#............###
##.####........##.#


You could see an orc warrior, a water moccasin and a centaur zombie.

Levels and vault maps discovered:
D:1:      elethiomel_arrival_infinity_welcomes_careful_drivers, layout_rooms,
          hellmonk_ecumenical_altar_arch_garden
D:2:      minmay_wonky_spiral, layout_basic
D:3:      layout_basic, nicolae_qazlal_eye_of_the_storm, uniq_ijyb,
          uniq_crazy_yiuf_cottage, uniq_grinder, uniq_robin
D:4:      layout_loops_ring, gammafunk_ghost_cemetery, minivault_23
D:5:      layout_gridville, zin_academy, serial_shops, shop, shop_coins, shop,
          shop, nicolae_shop_statue_plus, uniq_edmund, uniq_duvessa
D:6:      minmay_clustersquares, layout_cave_pools, minmay_temple_entry_waves,
          serial_park, serial_park_square3 [serial_park_minivault_5x5_4],
          serial_park_square3 [serial_park_minivault_5x5_3],
          serial_park_tiny_pond, serial_park_square3
          [serial_park_minivault_5x5_5], minmay_mini_ossuary,
          uniq_prince_ribbit1, uniq_maggie

Notes
Turn   | Place    | Note
-------+----------+-------------------------------------------
     0 | D:1      | ABBCCCDDDD the Octopode Warper began the quest for the Orb.
     0 | D:1      | Reached XP level 1. HP: 14/14 MP: 3/3
   191 | D:1      | Found a faded altar of an unknown god.
   199 | D:1      | Reached XP level 2. HP: 19/19 MP: 5/5
   955 | D:2      | Reached XP level 3. HP: 21/25 MP: 6/6
  1043 | D:2      | Learned a level 2 spell: Blink
  1480 | D:2      | Reached skill level 3 in Fighting
  1842 | D:3      | Noticed Ijyb
  2136 | D:3      | Noticed Robin
  2481 | D:3      | Reached XP level 4. HP: 31/31 MP: 7/7
  2723 | D:3      | Noticed a black bear
  2827 | D:4      | Noticed a scorpion
  3083 | D:4      | Reached skill level 4 in Fighting
  3134 | D:4      | Reached XP level 5. HP: 21/38 MP: 8/8
  3548 | D:4      | Found a runed translucent gate.
  3548 | D:4      | Found a runed translucent gate.
  3549 | D:4      | Found a runed translucent gate.
  3550 | D:4      | Noticed Garym's ghost (amateur MiFi)
  3550 | D:4      | Noticed Kanakotka's ghost (amateur OpMo)
  3551 | D:4      | Noticed Sassenached's ghost (amateur HuWn)
  3551 | D:4      | Noticed Britaniac's ghost (amateur OpWn)
  3558 | D:4      | Noticed loralnil's ghost (amateur DrTm)
  3587 | D:4      | Reached skill level 5 in Fighting
  3897 | D:4      | Reached XP level 6. HP: 23/46 MP: 9/9
  4159 | D:4      | Reached skill level 6 in Fighting
  4380 | D:4      | Noticed a black bear
  4407 | D:4      | Killed a black bear
  4653 | D:4      | Reached skill level 7 in Fighting
  4653 | D:4      | Reached XP level 7. HP: 25/54 MP: 10/10
  5220 | D:3      | Found a runed translucent door.
  5221 | D:3      | Noticed Crazy Yiuf
  5238 | D:3      | Noticed Grinder
  5245 | D:2      | Killed Grinder
  5246 | D:2      | Reached skill level 8 in Fighting
  5445 | D:3      | Found a stormy altar of Qazlal.
  5696 | D:5      | Entered Level 5 of the Dungeon
  5711 | D:5      | Found Syem's Armour Shoppe.
  5748 | D:5      | Noticed Edmund
  5997 | D:5      | Found Otzuc's Armour Boutique.
  6018 | D:5      | Found a glowing silver altar of Zin.
  6579 | D:5      | Found Pyiff's Distillery.
  6596 | D:5      | Bought a potion of curing for 42 gold pieces
  6596 | D:5      | Bought a potion of invisibility for 112 gold pieces
  6596 | D:5      | Bought a potion of berserk rage for 70 gold pieces
  6596 | D:5      | Bought a potion of curing for 42 gold pieces
  6745 | D:5      | Noticed Duvessa
  6745 | D:5      | Noticed Dowan
  6861 | D:6      | Noticed Maggie
  7701 | D:5      | Reached skill level 1 in Stealth
  7701 | D:5      | Reached XP level 8. HP: 32/62 MP: 11/11
  8085 | D:5      | Found Joyropuj's Book Shop.
  8197 | D:5      | Found Keofoh's Antique Armour Emporium.
  8269 | D:5      | Noticed a two-headed ogre
  8454 | D:6      | HP: 4/93 [centaur (2)]
  8819 | D:6      | Identified a scroll of acquirement
  8844 | D:6      | HP: 2/93 [poisoned by a water moccasin]
  8844 | D:6      | Slain by a centaur zombie

Table legend: (Time is in decaauts)
 A = Elapsed time spent in this place.
 B = Non-inter-level travel time spent in this place.
 C = Inter-level travel time spent in this place.
 D = Time resting spent in this place.
 E = Time spent auto-exploring this place.
 F = Levels seen in this place.
 G = Mean time per level.
                   A        B        C        D        E       F      G
               +--------+--------+--------+--------+--------+-----+--------+
         Total |   8808 |   8435 |    373 |   3361 |   3140 |   6 | 1468.0 |
       Dungeon |   8808 |   8435 |    373 |   3361 |   3140 |   6 | 1468.0 |
               +--------+--------+--------+--------+--------+-----+--------+

Top non-repeatable levels by time:
     D:4: 2956 daAuts
     D:5: 1788 daAuts
     D:3: 1568 daAuts
     D:2: 1162 daAuts
     D:1: 781 daAuts
     D:6: 550 daAuts

Table legend:
 A = Kills in this place as a percentage of kills in entire the game.
 B = Kills by you in this place as a percentage of kills by you in the entire game.
 C = Kills by friends in this place as a percentage of kills by friends in the entire game.
 D = Other kills in this place as a percentage of other kills in the entire game.
 E = Experience gained in this place as a percentage of experience gained in the entire game.
 F = Experience gained in this place divided by the number of levels of this place that you have seen.
                   A       B       C       D       E      F
               +-------+-------+-------+-------+-------+----------------------
         Total | 100.0 | 100.0 |   N/A |   N/A | 100.0 | 289.7
       Dungeon | 100.0 | 100.0 |   N/A |   N/A | 100.0 | 289.7
               +-------+-------+-------+-------+-------+----------------------

Action                   |  1- 3 |  4- 6 |  7- 9 || total
-------------------------+-------+-------+-------++-------
Melee: Dagger            |   105 |   165 |    74 ||   344
       Constrict         |    27 |    35 |    20 ||    82
       Tentacles         |    16 |    31 |    29 ||    76
       Short sword       |     2 |       |    83 ||    85
       Spear             |       |       |    12 ||    12
Throw: Boomerang         |     3 |     9 |     4 ||    16
       Throwing net      |       |     1 |     1 ||     2
       Dart              |       |     7 |     9 ||    16
 Cast: Blink             |       |     2 |     6 ||     8
  Use: Scroll            |       |     3 |     3 ||     6
       Potion            |       |     1 |     4 ||     5
 Stab: Sleeping          |     3 |       |     4 ||     7
       Held in net/web   |       |       |     1 ||     1
       Distracted        |       |       |     1 ||     1
Armor: Skin              |     7 |    11 |     7 ||    25
Dodge: Dodged            |    67 |   102 |    92 ||   261

Vanquished Creatures
  Grinder (D:2)
  A water moccasin (D:6)
  A hornet zombie (D:4)
  2 black bears
  A centaur (D:6)
  A phantom (D:5)
  A centaur zombie (D:5)
  A gnoll shaman (D:4)
  2 hounds (D:6)
  2 orc priests (D:4)
  A centaur skeleton (D:6)
  An iguana (D:4)
  A hound skeleton (D:5)
  5 adders
  7 gnolls
  A howler monkey skeleton (D:6)
  An adder skeleton (D:4)
  3 worms
  9 orcs
  6 ball pythons
  6 bats
  4 endoplasms
  5 giant cockroaches
  10 goblins
  9 hobgoblins
  9 jackals
  5 kobolds
  A quokka (D:1)
  A frilled lizard (D:1)
  A kobold zombie (D:6)
  3 orc zombies (D:6)
  A quokka skeleton (D:4)
103 creatures vanquished.

Vanquished Creatures (others)
  A fungus (D:3)
  3 plants (D:6)
4 creatures vanquished.

Grand Total: 107 creatures vanquished
